 Dungeon Crawl Stone Soup version 0.27-a0-780-geb8d7bc690 (webtiles) character file.

Game seed: 12823212487985976158

60 Aggronaut the Ruffian (level 3, -6/28 HPs)
             Began as a Draconian Transmuter on Mar 26, 2021.
             Shot with an arrow by a centaur (12 damage)
             ... on level 2 of the Dungeon.
             The game lasted 00:02:37 (1718 turns).

Aggronaut the Ruffian (Draconian Transmuter)        Turns: 1718, Time: 00:02:38

Health: -6/28      AC:  5    Str: 13    XL:     3   Next: 80%
Magic:  6/6        EV: 12    Int: 13    God:
Gold:   52         SH:  0    Dex: 11    Spells: 5/6 levels left

rFire    . . .     SeeInvis .     - Unarmed
rCold    . . .     Faith    .   (no shield)
rNeg     . . .     Spirit   .   (armour unavailable)
rPois    .         Reflect  .   (helmet restricted)
rElec    .         Harm     .   (no cloak)
rCorr    .         Rampage  .   (no gloves)
Will     .....                  (no boots)
Stlth    +.........             (no amulet)
HPRegen  0.09/turn              (no ring)
MPRegen  0.10/turn              (no ring)

@: no status effects
A: AC +5, unfitting armour, cold-blooded
a: no special abilities


You were on level 2 of the Dungeon.
You visited 1 branch of the dungeon, and saw 2 of its levels.

You collected 52 gold pieces.

Inventory:

Jewellery
 c - a ring of fire
Potions
 a - a potion of lignification {unknown}
 b - a potion of berserk rage {unknown}
 d - a potion of curing {unknown}
 f - 2 potions of might {unknown}


   Skills:
 - Level 1.1 Fighting
 - Level 1.7 Dodging
 * Level 4.3 Unarmed Combat
 - Level 2.0 Spellcasting
 + Level 2.8 Transmutations


You had 5 spell levels left.
You knew the following spells:

 Your Spells              Type           Power      Damage    Failure   Level
a - Beastly Appendage     Tmut           16%        N/A       8%          1

Your spell library contained the following spells:

 Spells                   Type           Power      Damage    Failure   Level
 Wereblood                Tmut           8%         N/A       12%         2
 Spider Form              Tmut/Pois      2%         N/A       38%         3
 Ice Form                 Ice/Tmut       5%         N/A       80%         4
 Blade Hands              Tmut           4%         N/A       91%         5


Dungeon Overview and Level Annotations

Branches:
Dungeon (2/15)

Altars:


Innate Abilities, Weirdness & Mutations

Your plain brown scales are hard. (AC +5)
You cannot fit into any form of body armour.
You are cold-blooded and may be slowed by cold attacks.


Message History

Robin is severely wounded.
Robin hits you but does no damage. The ball python closely misses you.
The ball python constricts you.
You hit Robin but do no damage.
Robin is severely wounded.
Robin barely misses you. The ball python closely misses you.
The ball python constricts you.
You hit Robin but do no damage. You claw Robin, but do no damage.
Your headbutt misses Robin. You tail-slap Robin, but do no damage.
Robin is severely wounded.
The ball python closely misses you. The ball python constricts you.
Robin hits you but does no damage.
You hit Robin. You claw Robin.
You kill Robin!
The ball python barely misses you. The ball python constricts you.
You escape the ball python's grasp.
The ball python barely misses you. The ball python closely misses you.
Found an escape hatch in the floor.
Items here: ) [[ †.
You hit the ball python.
You kill the ball python!
You see here a ball python corpse.
You start resting.
Your horns disappear.
Your talons disappear.
Items here: ) [[ †.
You start resting.
HP restored.
Found a flail.
Found a stone staircase leading up.
Found a stone staircase leading down.
A centaur comes into view.
The centaur shouts!
The centaur wields a +0 shortbow.
The centaur shoots an arrow.
The arrow hits you!
The centaur shoots an arrow.
The arrow closely misses you.
The centaur shoots an arrow.
The arrow hits you!
Ouch! That really hurt!
* * * LOW HITPOINT WARNING * * *
The centaur shoots an arrow.
The arrow hits you!
You die...

. .. .# ...# ######. .#
..... ...... #.
#.#..>####...# #g
#..c....##..# ..
#...##@##..####.#
#..<............
##...###.##..#.# ....>#.#
#.##.g# # ####...#
#.##..#.# ##...###.##.)#.#
.###.....##.......#
)....)......##.)###
...###.....##.##.)#########


You could see a centaur.

Vanquished Creatures
  Robin (D:2)
  An adder (D:2)
  2 worms (D:2)
  5 ball pythons
  2 endoplasms (D:1)
  A giant cockroach (D:1)
  11 goblins (D:2)
  A hobgoblin (D:1)
  A quokka (D:1)
  3 frilled lizards
  A kobold (D:1)
  2 rats
31 creatures vanquished.

Notes
Turn   | Place    | Note
-------+----------+-------------------------------------------
     0 | D:1      | Aggronaut the Draconian Transmuter began the quest for the
                  | Orb.
     0 | D:1      | Reached XP level 1. HP: 16/16 MP: 3/3
   438 | D:1      | Reached XP level 2. HP: 4/23 MP: 5/5
  1231 | D:2      | Reached XP level 3. HP: 26/28 MP: 4/6
  1312 | D:2      | Reached skill level 4 in Unarmed Combat
  1335 | D:2      | Noticed Robin
  1538 | D:2      | Killed Robin
  1714 | D:2      | Noticed a centaur
  1718 | D:2      | Shot with an arrow by a centaur

Illustrated notes

Levels and vault maps discovered:
D:1:      wander_arrival_peaceful_grave, layout_basic, st_stairs_4
D:2:      layout_loops_ring, uniq_robin, uniq_terence, uniq_sigmund

Skill      XL: |  1  2  3 |
---------------+----------+-----
Unarmed Combat | 4 |  4.3
Fighting       | |  1.1
Dodging        | |  1.7
Spellcasting   | |  2.0
Transmutations | |  2.8

Action                   || total
-------------------------++-------
Melee: Unarmed           ||   104
       Tailslap          ||    10
       Kick              ||     8
       Headbutt          ||     5
 Cast: Beastly Appendage ||     6
  Use: Scroll            ||     1
Armor: Skin              ||    23
Dodge: Dodged            ||    66

Table legend: (Time is in decaauts)
 A = Elapsed time spent in this place.
 B = Non-inter-level travel time spent in this place.
 C = Inter-level travel time spent in this place.
 D = Time resting spent in this place.
 E = Time spent auto-exploring this place.
 F = Levels seen in this place.
 G = Mean time per level.
                   A        B        C        D        E       F      G
               +--------+--------+--------+--------+--------+-----+--------+
         Total |   1716 |   1703 |     13 |    788 |    641 |   2 |  858.0 |
       Dungeon |   1716 |   1703 |     13 |    788 |    641 |   2 |  858.0 |
               +--------+--------+--------+--------+--------+-----+--------+

Top non-repeatable levels by time:
     D:1: 1044 daAuts
     D:2: 671 daAuts
